 Dungeon Crawl Stone Soup version 0.21.0-3-g78d12a8bdd (webtiles) character file.

79 DIABLO2 the Skirmisher (level 4, 0/45 HPs)
             Began as a Naga Fighter on Jan 10, 2018.
             Slain by a gnoll
             ... wielding a +0 club
              (5 damage)
             ... on level 2 of the Dungeon.
             The game lasted 00:05:10 (2201 turns).

DIABLO2 the Skirmisher (Naga Fighter)               Turns: 2201, Time: 00:05:11

Health: 0/45       AC:  4    Str: 18    XL:     4   Next: 38%
Magic:  4/4        EV:  7    Int:  9    God:
Gold:   38         SH:  0    Dex: 11    Spells: 3/3 levels left

rFire    . . .     SeeInvis +   a - +0 war axe
rCold    . . .     Gourm    .   (no shield)
rNeg     . . .     Faith    .   b - +0 scale mail
rPois    +         Spirit   .   (no helmet)
rElec    .         Reflect  .   (no cloak)
rCorr    .         Harm     .   (no gloves)
MR       .....                  (no barding)
Stlth    +.........             (no amulet)
HPRegen  0.15/turn              (no ring)
MPRegen  0.09/turn              (no ring)

@: short of breath, very slow
A: large, see invisible, deformed body, poison resistance, slowness 2, slow
metabolism 1, spit poison 1, AC +1
a: Spit Poison


You were on level 2 of the Dungeon.
You were not hungry.

You visited 1 branch of the dungeon, and saw 2 of its levels.

You collected 38 gold pieces.

Inventory:

Hand Weapons
 a - a +0 war axe (weapon)
Missiles
 c - 21 stones (quivered)
Armour
 b - a +0 scale mail (worn)
Scrolls
 e - 2 scrolls of identify {unknown}
 g - a scroll of fear {unknown}
 i - a scroll of fog {unknown}
 j - a scroll of noise {unknown}
Potions
 d - 2 potions of might
 k - 2 potions of lignification {unknown}
 l - 2 potions of curing {unknown}
Comestibles
 f - 4 rations


   Skills:
 * Level 4.5 Fighting
 - Level 2.0 Axes
 - Level 2.4 Armour
 + Level 3.3 Stealth
   Level 2.4 Shields


You had 3 spell levels left.
You didn't know any spells.

Dungeon Overview and Level Annotations

Branches:
Dungeon (2/15)

Altars:
Vehumet


Innate Abilities, Weirdness & Mutations

You cannot wear boots.
Your serpentine skin is tough. (AC +1)
You have supernaturally acute eyesight. (SInv)
Armour fits poorly on your strangely shaped body.
Your system is resistant to poisons. (rPois)
You cover ground very slowly.
You have a slow metabolism.
You can spit poison.


Message History

The gnoll hits you but does no damage. The gnoll barely misses you.
The gnoll hits you.
* * * LOW HITPOINT WARNING * * *
The gnoll barely misses you.
You slash the gnoll!
You kill the gnoll!
The gnoll barely misses you.
The gnoll hits you from afar with a spear.
* * * LOW HITPOINT WARNING * * *
The gnoll hits you but does no damage.
Press: ? - help, Shift-Dir - straight line, f - gnoll
Aim: a gnoll, wielding a club The splash of poison hits the gnoll.
The gnoll is severely wounded.
You feel slightly more hungry. The gnoll hits you but does no damage.
The gnoll hits you with a club.
* * * LOW HITPOINT WARNING * * *
The gnoll completely misses you. The gnoll hits you with a club.
You die...

######
#######....###################
...........)................).
##.###.##.#.#################
#.###.##...@.##.............
###.....####.#g##.###.#.###..# #
............#...g#.###.#.###..#
#.###########.#....#.....#......#
..................#####....§#..#
.###..####....#....# #.§.§.#...
...........####.(..# #.._..##..
.####(#.#### #.(.(# #..§..##). ..
#g.# #.[..# #.........


You could see 2 gnolls.

Vanquished Creatures
  2 gnolls (D:2)
  An adder (D:2)
  A worm (D:2)
  3 dart slugs
  3 leopard geckos
  A ball python (D:2)
  3 giant cockroaches
  5 goblins
  5 hobgoblins
  3 jackals (D:1)
  3 kobolds
  2 quokkas (D:2)
  A bat (D:1)
  2 frilled lizards (D:2)
  2 rats (D:1)
  A bush (D:1)
  A plant (D:1)
39 creatures vanquished.

Vanquished Creatures (others)
  2 plants (D:1)
2 creatures vanquished.

Grand Total: 41 creatures vanquished

Notes
Turn   | Place    | Note
-------+----------+-------------------------------------------
     0 | D:1      | DIABLO2 the Naga Fighter began the quest for the Orb.
     0 | D:1      | Reached XP level 1. HP: 21/21 MP: 1/1
    66 | D:1      | Reached skill level 1 in Stealth
   200 | D:1      | Reached XP level 2. HP: 28/28 MP: 2/2
   710 | D:1      | Reached XP level 3. HP: 36/36 MP: 3/3
  1266 | D:2      | Found a radiant altar of Vehumet.
  1539 | D:2      | Reached skill level 4 in Fighting
  1575 | D:2      | HP: 1/36 [giant cockroach (2)]
  1616 | D:2      | HP: 1/36 [frilled lizard (1)]
  1942 | D:2      | Reached XP level 4. HP: 9/44 MP: 4/4
  2201 | D:2      | Slain by a gnoll

Skill      XL: |  1  2  3 |
---------------+----------+-----
Stealth        | 1 2 3 |  3.3
Fighting       | 4 |  4.5
Axes           | |  2.0
Armour         | |  2.4
Shields        | |  2.4

Action                   |  1- 3 |  4- 6 || total
-------------------------+-------+-------++-------
Melee: War axe           |   127 |     4 ||   131
 Abil: Spit Poison       |    14 |     6 ||    20
  Eat: Chunk             |     3 |     1 ||     4
Armor: Scale mail        |    56 |     4 ||    60
Dodge: Dodged            |    49 |     9 ||    58
Block: Shield            |    21 |       ||    21
